 Dungeon Crawl Stone Soup version 0.24.1 (webtiles) character file.

Game seed: 7945194694586675814, levelgen mode: deterministic

360 Destapler the Chucker (level 6, -2/56 HPs)
             Began as a Minotaur Hunter on Apr 5, 2020.
             Slain by a gnoll
             ... wielding a +0 halberd
              (9 damage)
             ... on level 3 of the Dungeon.
             The game lasted 00:07:20 (3074 turns).

Destapler the Chucker (Minotaur Hunter)             Turns: 3074, Time: 00:07:20

Health: -2/56      AC:  8    Str: 24    XL:     6   Next: 38%
Magic:  5/5        EV: 12    Int:  8    God:
Gold:   109        SH:  0    Dex: 11    Spells: 5/5 levels left

rFire    . . .     SeeInvis .   i - +1 spear (vamp)
rCold    . . .     Gourm    .   (no shield)
rNeg     . . .     Faith    .   j - +0 ring mail
rPois    .         Spirit   .   x - +2 hat
rElec    .         Reflect  .   r - +0 cloak
rCorr    .         Harm     .   (no gloves)
MR       .....                  (no boots)
Stlth    ..........             y - amulet of inaccuracy (curse)
HPRegen  0.18/turn              n - +6 ring of strength
MPRegen  0.09/turn              (no ring)

@: confused, lightly drained
A: retaliatory headbutt, horns 2
a: no special abilities


You were on level 3 of the Dungeon.
You were not hungry.

You visited 1 branch of the dungeon, and saw 3 of its levels.
You also visited: Sewer.

You collected 109 gold pieces.

Inventory:

Hand Weapons
 a - a +0 short sword
 i - a +1 vampiric spear (weapon)
Missiles
 c - 14 javelins (quivered)
 d - 2 throwing nets
 e - 23 poisoned darts
Armour
 b - a +0 leather armour
 j - a +0 ring mail (worn)
 r - a +0 cloak (worn)
 x - a +2 hat (worn)
Jewellery
 n - a +6 ring of strength (left hand)
 y - a cursed amulet of inaccuracy (around neck)
Wands
 h - a wand of digging (5)
Scrolls
 k - 3 scrolls of teleportation
 s - a scroll of fog {unknown}
 w - a scroll of identify
Potions
 g - 2 potions of lignification
 l - 2 potions of curing
 o - 2 potions of invisibility
 p - 5 potions of flight
 q - a potion of magic {unknown}
 t - 2 potions of agility {unknown}
 u - a potion of might {unknown}
 v - a potion of degeneration {unknown}
Comestibles
 f - 6 rations
 z - 15 chunks of flesh


   Skills:
 + Level 5.1(4.8) Fighting
 + Level 5.5(5.1) Throwing
 + Level 4.6(4.2) Dodging
 - Level 0.7(0.4) Stealth


You had 5 spell levels left.
You didn't know any spells.
Your spell library was empty.

Dungeon Overview and Level Annotations

Branches:
Dungeon (3/15)              Sewer (visited)

Altars:


Innate Abilities, Weirdness & Mutations

You reflexively headbutt those who attack you in melee.
You have a pair of horns on your head.


Message History

You hear some strange, mumbled words.
A puff of flame appears from out of thin air!
The puff of flame hits you.
* * * LOW HITPOINT WARNING * * *
The gnoll closely misses you.
You miss something. Your headbutt misses something.
Something hits you but does no damage. The gnoll hits you but does no damage.
You barely miss something.
You hear some strange, mumbled words.
You are confused.
The gnoll closely misses you. Something hits you but does no damage.
You bump into the rock wall.
Something hits you but does no damage.
You're too confused to move!
The gnoll misses you. Something hits you but does no damage.
You bump into the rock wall.
The gnoll misses you. Something hits you but does no damage.
You bump into the rock wall.
An orc wizard appears from thin air!
Reactivating autopickup.
The gnoll hits you from afar with a +0 halberd!
You die...

......... #........# #
......... #........##..
........# #........##..
........# ###..).....##..
........#.###...#)####.....
.....†..#...'...#.# #.....
......).#####)..#.# #.....
........#####.).#÷####.....
####....go@...)............
##############.[)...####
#.......... #..........
#^......... ####.......
#....... #....... #.......


You could see an orc wizard and a gnoll.

Vanquished Creatures
  A bullfrog skeleton (D:3)
  An orc priest (D:3)
  Ijyb (D:3)
  7 gnolls
  5 adders
  2 river rats (D:3)
  6 oozes
  An adder skeleton (D:2)
  4 worms
  3 leopard geckos
  3 orcs (D:3)
  2 ball pythons
  17 bats
  8 giant cockroaches
  6 goblins
  7 hobgoblins
  12 jackals
  2 quokkas (D:2)
  4 frilled lizards
  6 kobolds
  10 rats
108 creatures vanquished.

Notes
Turn   | Place    | Note
-------+----------+-------------------------------------------
     0 | D:1      | Destapler the Minotaur Hunter began the quest for the Orb.
     0 | D:1      | Reached XP level 1. HP: 18/18 MP: 0/0
   119 | D:1      | Reached XP level 2. HP: 18/25 MP: 1/1
   538 | D:1      | Reached XP level 3. HP: 25/31 MP: 2/2
  1069 | D:2      | Reached XP level 4. HP: 38/39 MP: 3/3
  1709 | D:2      | Reached XP level 5. HP: 46/46 MP: 4/4
  1979 | D:3      | Noticed Ijyb
  1989 | D:3      | Killed Ijyb
  1989 | D:3      | Reached skill level 5 in Throwing
  2037 | D:3      | Found a glowing drain.
  2143 | Sewer    | Entered a sewer
  2834 | Sewer    | Reached XP level 6. HP: 55/55 MP: 5/5
  2986 | D:3      | Reached skill level 5 in Fighting
  3074 | D:3      | Slain by a gnoll

Levels and vault maps discovered:
D:1:      minmay_arrival_four_loops, layout_basic, minmay_splitting_lines
D:2:      minmay_angry_zag, layout_loops_ring, first_ration
D:3:      layout_basic, portal_sewer_entry_b, uniq_ijyb

Skill      XL: |  1  2  3  4  5  6 |
---------------+-------------------+-----
Fighting       | 3 4 5 |  5.1
Dodging        | 3 4 |  4.6
Throwing       | 5 |  5.5
Stealth        | |  0.7

Action                   |  1- 3 |  4- 6 || total
-------------------------+-------+-------++-------
Melee: Short sword       |    80 |   183 ||   263
       Headbutt          |    11 |    40 ||    51
       Spear             |       |    37 ||    37
Throw: Javelin           |       |     4 ||     4
  Use: Potion            |     2 |     4 ||     6
       Scroll            |       |     5 ||     5
 Stab: Sleeping          |     1 |       ||     1
  Eat: Chunk             |       |     8 ||     8
Armor: Leather armour    |    12 |       ||    12
       Ring mail         |    22 |    65 ||    87
       Skin              |       |    34 ||    34
Dodge: Dodged            |    51 |   162 ||   213
